[Event "Dutch Meesterklasse 2024-25"]
[Site "Netherlands"]
[Date "2024.09.22"]
[Round "1.1"]
[White "Schoppen, Casper"]
[Black "Ten Hertog, Hugo"]
[Result "1/2-1/2"]
[ECO "D78"]
[WhiteElo "2540"]
[BlackElo "2516"]
[Annotator "TA"]
[PlyCount "119"]
[EventDate "2024.09.21"]
[EventType "team-tourn"]
[EventCountry "NED"]
[SourceTitle "playchess.com"]
[Source "ChessBase"]
[SourceQuality "1"]
[TimeControl "40/5400+30:1800+30"]

1. d4 d5 2. c4 e6 3. Nc3 c6 4. Nf3 Nf6 5. Bg5 h6 6. Bxf6 Qxf6 7. g3 g6 8. Bg2 Bg7 9. O-O O-O 10. Qb3 {[%emt 0:07:47] D78: Fianchetto Grünfeld: 6 0-0 c6.} Nd7 11. e4 dxc4 12. Qxc4 e5 13. d5 Nb6 14. Qb3 cxd5 15. exd5 Bf5 16. Nd2 Rac8 $146 ({Predecessor:} 16... Rab8 17. Nde4 Qd8 18. Rac1 Nc8 19. d6 Be6 20. Qa3 b5 21. Qc5 f5 22. Qc7 Nb6 {1-0 Solozhenkin,E (2525)-Alawieh,A (2360) FRA-ch op FIDE 1994 (1)}) 17. a4 a5 18. Qb5 Qd6 19. Qxa5 Nc4 20. Nde4 Qb8 (20... Qa6 $1 $14 21. Qxa6 bxa6) 21. Qb4 $16 Rfd8 22. Rac1 (22. a5 $16) 22... Bf8 23. Qb3 Bxe4 24. Nxe4 (24. Bxe4 $2 Nd2 25. Qc2 Nxf1 26. Rxf1 f5 $19) 24... Nd6 25. Rfd1 Nxe4 26. Bxe4 Bd6 27. Qb6 Kg7 28. b4 Bc7 29. Qb5 Bd6 30. a5 Rxc1 31. Rxc1 Rc8 $1 32. Rc4 Rc7 33. Bd3 Rxc4 34. Qxc4 Qc7 35. Qxc7 Bxc7 36. f3 Kf6 37. Kf2 Bd6 38. b5 Bb4 ({Black should play} 38... Ke7 $14) 39. a6 $16 bxa6 40. bxa6 Bc5+ 41. Ke2 Ke7 42. Bc2 Kd6 43. Kd3 Bg1 44. Kc4 Ke7 45. h4 Kd6 46. g4 Bf2 47. h5 gxh5 48. gxh5 Ba7 49. Bg6 f6 (49... fxg6 $2 {is the wrong capture.} 50. hxg6 Ke7 51. d6+ Kf6 52. d7 $18) 50. Bf5 Bb6 51. Be6 Ba7 52. Bf5 Bb6 $1 53. Bh7 Ba7 54. Bg8 f5 55. Bh7 e4 {[%emt 0:00:20] [#]} 56. fxe4 (56. f4 $1 $18 e3 57. Kd3 (57. Bxf5 $2 {perishes.} e2 $19)) 56... fxe4 $16 57. Bxe4 Bg1 58. Bf3 Ba7 59. Be4 Bg1 60. Bf3 (60. Bg2 $16) 1/2-1/2

[Event "Dutch Meesterklasse 2024-25"]
[Site "Netherlands"]
[Date "2024.09.22"]
[Round "1.1"]
[White "Vogt, Andreas"]
[Black "Warmerdam, Max"]
[Result "0-1"]
[ECO "A42"]
[WhiteElo "2282"]
[BlackElo "2679"]
[Annotator "TA"]
[PlyCount "76"]
[EventDate "2024.09.21"]
[EventType "team-tourn"]
[EventCountry "NED"]
[SourceTitle "playchess.com"]
[Source "ChessBase"]
[SourceQuality "1"]
[TimeControl "40/5400+30:1800+30"]

1. d4 Nf6 2. Nf3 g6 3. c4 Bg7 4. Nc3 d6 5. e4 Bg4 6. Be2 Bxf3 7. Bxf3 e5 8. Be3 Nc6 9. d5 Nd4 $1 10. Nb5 (10. Bxd4 $14 exd4 11. Qxd4) 10... Nxf3+ $11 11. Qxf3 a6 12. Nc3 {The position is equal.} b6 13. Qe2 h5 14. h4 Bh6 15. f3 Bxe3 16. Qxe3 Kf8 17. g3 Kg7 18. Kd2 Qd7 19. a4 Rhc8 20. b3 Rab8 21. Ke2 Qe7 22. Kf2 Nd7 23. Rhb1 a5 24. Kg2 Rf8 25. Nb5 Nc5 26. Na7 Rbe8 27. Nc6 Qd7 28. b4 axb4 29. Rxb4 f5 30. exf5 Rxf5 (30... Qxf5 $17 {aiming for ...Qc2+.} 31. Rb2 Ra8) 31. a5 (31. Rb2 $15) 31... Ref8 $17 32. axb6 $2 {[%mdl 8192] [#] White does not recover from this.} (32. Rf1 $17 {is a better chance.} bxa5 33. Nxa5) 32... Rxf3 $19 33. Qxf3 (33. Nxe5 $142 Rf2+ (33... Rxe3 $2 34. Nxd7 Nxd7 35. Ra7 $19) 34. Qxf2 Rxf2+ 35. Kxf2 Qf5+ (35... dxe5 36. b7 $11) 36. Nf3 Nd3+ 37. Ke3 Nxb4 38. b7 Qd3+ 39. Kf2) 33... Rxf3 34. Kxf3 Qf5+ 35. Kg2 Qc2+ 36. Kh3 Ne4 {Black mates.} 37. Rf1 Qe2 38. Rbb1 g5 {[%emt 0:18:56] Weighted Error Value: White=0.81/Black=0.06 (flawless) .  Loses game:     	White=1     	---        Mistake:       	White=2     	Black=1      Inaccurate:     	White=2     	Black=1      OK:         	White=5     	Black=14     Best:        	White=1     	Black=2} ({Not} 38... Qxc4 39. b7 (39. bxc7 Qd3 $15) 39... Qc3 40. Kh2 (40. b8=B $2 Qxg3#) (40. Rg1 Nf2+ 41. Kg2 Ng4 42. Kh3 Qc2 43. Rh1 Nf2+ 44. Kg2 Ne4+ 45. Kh3 g5 46. hxg5 Nxg5+ 47. Kh4 Qf5 48. Nxe5 dxe5 49. b8=Q Qg4#) 40... Qxg3+ 41. Kh1 $11) 0-1

[Event "Dutch Meesterklasse 2024-25"]
[Site "Netherlands"]
[Date "2024.09.22"]
[Round "1.2"]
[White "Van Delft, Merijn"]
[Black "Van der Werf, Mark"]
[Result "0-1"]
[ECO "C93"]
[WhiteElo "2364"]
[BlackElo "2408"]
[Annotator "RC"]
[PlyCount "178"]
[EventDate "2024.09.21"]
[EventType "team-tourn"]
[EventCountry "NED"]
[SourceTitle "playchess.com"]
[Source "ChessBase"]
[SourceQuality "1"]
[TimeControl "40/5400+30:1800+30"]

1. e4 e5 2. Nf3 Nc6 3. Bb5 a6 4. Ba4 Nf6 5. O-O Be7 6. Re1 b5 7. Bb3 d6 8. c3 O-O 9. h3 Re8 10. Ng5 Rf8 11. Nf3 Re8 12. d4 Bb7 13. Nbd2 Bf8 14. a3 h6 15. Bc2 Nb8 16. b3 Nbd7 17. Bb2 Rb8 18. Rb1 g6 19. Bd3 Bg7 20. dxe5 dxe5 21. c4 Nc5 22. Bc2 Nh5 23. Re3 Nf4 24. Qf1 Nce6 25. cxb5 axb5 26. b4 Nd4 27. Rc1 Bc8 28. Bb1 Be6 29. Rc5 Nxf3+ 30. Nxf3 Bc4 31. Rxc4 bxc4 32. Qxc4 Qd7 33. Re1 Rb6 34. Kh2 Rc6 35. Qf1 Rd6 36. Rc1 Re7 37. g3 Nd3 38. Bxd3 Rxd3 39. Rxc7 Qxc7 40. Qxd3 Rd7 41. Qe2 Qd6 42. Kg2 Qd3 43. Qxd3 Rxd3 44. Bxe5 Rxa3 45. Bd6 Bf8 46. Bxf8 Kxf8 47. Ne5 Rb3 48. h4 Rxb4 49. Kf3 Rb5 50. Ng4 h5 51. Ne3 Rb2 52. Nd5 Kg7 53. Ke3 Ra2 54. Kf3 Kf8 55. Ke3 Ke8 56. f3 Kd7 57. Kf4 Ra3 58. g4 hxg4 59. fxg4 Rh3 60. h5 gxh5 61. Nf6+ Ke6 62. Nxh5 Rh1 63. Ng3 Ra1 64. g5 Rg1 65. Nh5 Rf1+ 66. Kg4 Ke5 67. Nf6 Rg1+ 68. Kh5 Kf4 69. Kh6 Ke5 70. Nd7+ Ke6 71. Nf6 Ke7 72. Nd5+ Kf8 73. Kh5 Kg7 74. Ne7 Re1 75. Nf5+ Kf8 76. Ng3 Ke7 77. Kg4 Ke6 78. Kf4 Rb1 79. Nh5 Rf1+ 80. Kg4 Rh1 81. Ng3 Rh2 82. Nh5 Ke5 83. Nf6 Rh1 84. Kg3 Rg1+ 85. Kh4 Kf4 86. Nd5+ Kxe4 87. Ne7 Kf4 88. Nd5+ Kf3 89. Nf6 Rh1# 0-1

[Event "Dutch Meesterklasse 2024-25"]
[Site "Netherlands"]
[Date "2024.09.22"]
[Round "1.2"]
[White "Smeets, Kobe"]
[Black "Fernandez, Daniel Howard"]
[Result "1-0"]
[ECO "C79"]
[WhiteElo "2335"]
[BlackElo "2524"]
[Annotator "TA"]
[PlyCount "77"]
[EventDate "2024.09.21"]
[EventType "team-tourn"]
[EventCountry "NED"]
[SourceTitle "playchess.com"]
[Source "ChessBase"]
[SourceQuality "1"]
[TimeControl "40/5400+30:1800+30"]

1. e4 e5 2. Nf3 Nc6 3. Bb5 a6 4. Ba4 Nf6 5. O-O d6 6. Re1 Bd7 7. c3 g6 8. d4 Bg7 9. h3 O-O 10. Bc2 a5 11. a4 {[%emt 0:05:22] White is slightly better.} Kh8 12. Na3 Ng8 13. Nc4 exd4 14. cxd4 Qb8 (14... Nf6 $14) 15. Bf4 Nb4 16. Bb3 Qa7 (16... b5 $14) 17. Qd2 Rae8 18. Rad1 b6 19. Rc1 Nf6 20. e5 (20. Nxd6 {with more complications.} cxd6 21. Bxd6 b5 22. Ng5) 20... Nfd5 21. Bg3 (21. exd6 Nxf4 22. Qxf4 Nd3 $11) 21... dxe5 22. Ncxe5 c6 23. Nxd7 (23. Red1 $14) 23... Qxd7 (23... Rxe1+ $1 $11 24. Rxe1 Qxd7) 24. Ne5 $36 {[%emt 0:01:23][%mdl 2048] White is on the roll. White stays focused until the end.} Qf5 25. Bh2 Bxe5 ({Better is} 25... h5 $14) 26. Bxe5+ $18 ({But not} 26. dxe5 $6 Qd3 27. Qd1 Qxd1 28. Rcxd1 (28. Rexd1 Rc8 $16) 28... g5 $16) (26. Rxe5 $6 Qd7 $14) 26... Kg8 {[%emt 0:00:03] [#]} 27. Qh6 $1 Rxe5 28. Rxe5 ({Weaker is} 28. dxe5 Nd3 29. Bxd5 (29. Rxc6 $2 {too greedy.} Qxf2+ 30. Kh2 Qxe1 $19) 29... Qxf2+ 30. Kh1 Nxe1 (30... Nxc1 31. Bxf7+ Rxf7 32. Qxc1 $11) 31. Rxc6 Nd3 $14) 28... Qf6 29. Rce1 Qd8 {[%emt 0:01:32] Wards off Re8} (29... Qg7 {might work better.} 30. Qxg7+ Kxg7 31. Bxd5 Nxd5) 30. R1e4 {[%emt 0:02:55] And now Rh4 would win.} Nf6 31. Rh4 {[%emt 0:02:00] [#] Hoping for g4. White is clearly winning.} Nbd5 (31... Re8 $142 32. Qg5 Nfd5 33. Rxe8+ Qxe8) 32. g4 Ne7 33. g5 Nh5 34. Bc2 {[%emt 0:00:11] White wants to mate with Rxh5.} f5 35. Rxh5 gxh5 36. Qe6+ Rf7 37. Bb3 Nd5 38. Rxf5 Qd7 39. Rxd5 {[%emt 0:02:13] Weighted Error Value: White=0.14 (very precise) /Black=0.38.  Mistake:       	White=1     	Black=6      Inaccurate:     	White=2     	Black=2      OK:         	White=2     	Black=3      Best:        	White=4     	Black=3      Strong:       	White=1     	---} 1-0

[Event "Dutch Meesterklasse 2024-25"]
[Site "Netherlands"]
[Date "2024.09.22"]
[Round "1.3"]
[White "Swinkels, Robin"]
[Black "Kuipers, Stefan"]
[Result "1/2-1/2"]
[ECO "E11"]
[WhiteElo "2512"]
[BlackElo "2457"]
[Annotator "TA"]
[PlyCount "95"]
[EventDate "2024.09.21"]
[EventType "team-tourn"]
[EventCountry "NED"]
[SourceTitle "playchess.com"]
[Source "ChessBase"]
[SourceQuality "1"]
[TimeControl "40/5400+30:1800+30"]

1. d4 d5 2. c4 e6 3. Nf3 Nf6 4. g3 Bb4+ 5. Bd2 Be7 6. Bg2 c6 7. O-O Nbd7 8. Bc3 a5 9. b3 b5 10. c5 Ne4 11. a3 (11. Bb2 {should be considered.}) 11... h5 12. b4 Qc7 13. Qc2 h4 14. Nbd2 Nxc3 15. Qxc3 f5 16. Qe3 {[%emt 0:00:30] Dodges g5} h3 17. Bh1 Rh6 18. Rfb1 (18. a4 $14) 18... a4 $15 19. Qf4 Qd8 ({But not} 19... Qxf4 $6 20. gxf4 Rh7 21. e3 $16) 20. Qe3 g5 21. Kf1 Rg6 22. Ng1 (22. Ne5 $15 Nxe5 23. dxe5) 22... g4 $17 23. f4 Kf7 24. Qc3 Bf6 25. Rd1 Nb8 26. e3 Rg8 27. Ne2 Kg7 28. Nc1 Na6 29. Nd3 Bd7 30. Rac1 Nc7 31. Qc2 Qe7 32. Nb1 Rac8 33. Nc3 Rb8 34. Kg1 Rbc8 (34... Rbf8 $15) 35. Ne5 (35. Kf1 $1 $11) 35... Kh6 36. Rf1 Rcf8 37. Rcd1 Be8 38. Qe2 Qg7 39. Rf2 Bd8 40. Kf1 Bf6 (40... Be7 $15) 41. Ke1 (41. Kg1 $1 $11) 41... Kh7 $15 42. Kd2 Kh8 43. Kc1 Bd8 44. Rd2 Bf6 ({Black should try} 44... Qh7 $15) 45. Rf1 (45. Rd1 $1 $11) 45... Bd8 (45... Kh7 $15) 46. Nd1 ({White should play} 46. Rf2 $1 $11) 46... Bf6 (46... Qh7 $15) 47. Nf2 ({Better is} 47. Nc3 $1 $11) 47... Bd8 (47... Qe7 $15) 48. Nfd3 {[%emt 0:00:30] Weighted Error Value: White=0.17 (very precise) /Black=0.14 (very precise) .  Mistake:       	White=8     	Black=6      Inaccurate:     	White=1     	Black=1      OK:         	White=10    	Black=10} 1/2-1/2

[Event "Dutch Meesterklasse 2024-25"]
[Site "Netherlands"]
[Date "2024.09.22"]
[Round "1.3"]
[White "Nijboer, Friso"]
[Black "Kerigan, Demre"]
[Result "1/2-1/2"]
[ECO "C77"]
[WhiteElo "2452"]
[BlackElo "2351"]
[Annotator "TA"]
[PlyCount "108"]
[EventDate "2024.09.21"]
[EventType "team-tourn"]
[EventCountry "NED"]
[SourceTitle "playchess.com"]
[Source "ChessBase"]
[SourceQuality "1"]
[TimeControl "40/5400+30:1800+30"]

1. e4 e5 2. Nf3 Nc6 3. Bb5 a6 4. Ba4 Nf6 5. d3 d6 6. c3 g6 7. O-O Bg7 8. h3 O-O 9. Re1 Bd7 10. Bc2 h6 11. d4 Qe8 12. Be3 exd4 13. cxd4 Nxe4 14. Bxe4 Qxe4 {[%emt 0:00:13] [#]} 15. Bxh6 Qf5 16. Bxg7 Kxg7 17. d5 Na7 (17... Ne5 $14) 18. Nc3 Nc8 $2 (18... Nb5 $16 {might work better.}) 19. Qd4+ Qf6 20. Qxf6+ ({White should try} 20. Qd2 $18) 20... Kxf6 $14 21. Ne4+ {[%emt 0:00:06] A dynamic duo of knights.} Kg7 22. Rac1 c6 23. dxc6 Bxc6 24. Nd4 Re8 25. f3 Bxe4 26. Rxe4 Rxe4 27. fxe4 $11 {[%emt 0:00:01][%mdl 4096] Endgame. KRN-KRN} Rb8 28. Rc7 Nb6 29. Nf3 Kf6 {[%emt 0:00:21] Against Ng5} 30. h4 Na8 $1 31. Rc4 Re8 32. Kf2 Ke7 33. e5 Rd8 34. Ke3 dxe5 35. Rb4 b5 {[%emt 0:00:18] ...Nb6 would now be deadly.} 36. Nxe5 Rd6 {[%emt 0:00:09] Against Nc6+} 37. Re4 f5 {[%emt 0:00:41] The position is equal.} 38. Rd4 {[%emt 0:00:28] [#] Strongly threatening Rxd6.} (38. Nxg6+ $2 {too greedy.} Kf6 39. Rf4 (39. Re8 $2 Nc7 $19) 39... Re6+ (39... Kxg6 $2 40. g4 $19) 40. Kd3 Kxg6 $19) 38... Re6 39. Kf4 Nb6 {[%emt 0:00:21] Repels Rd7+} 40. b3 Kf6 41. Nf3 Re4+ 42. Kg3 (42. Rxe4 $5 Nd5+ $8 43. Kg3 fxe4 44. Nd4 $17) 42... Rxd4 43. Nxd4 {[%emt 0:00:00] KN-KN} b4 44. Nc6 Nd5 45. Nb8 Nc3 46. Nxa6 Nxa2 47. Kf4 Nc1 48. Nc5 g5+ 49. hxg5+ Kg6 50. g4 (50. g3 $5) 50... Ne2+ 51. Ke3 Nc1 52. gxf5+ Kxf5 53. Kd2 Nxb3+ 54. Nxb3 Kxg5 {[%emt 0:00:07] Weighted Error Value: White=0.13 (very precise) /Black=0.13 (very precise) .  Loses game:     	---       	Black=1      Mistake:       	White=1     	Black=1      Inaccurate:     	White=3     	Black=2      OK:         	White=20    	Black=21     Best:        	White=2     	Black=3      Strong:       	---       	Black=1      Brilliant:      	White=1     	---} 1/2-1/2

[Event "Dutch Meesterklasse 2024-25"]
[Site "Netherlands"]
[Date "2024.09.22"]
[Round "1.4"]
[White "Zwirs, Nico"]
[Black "Pijpers, Arthur"]
[Result "0-1"]
[ECO "B76"]
[WhiteElo "2485"]
[BlackElo "2466"]
[Annotator "RC"]
[PlyCount "80"]
[EventDate "2024.09.21"]
[EventType "team-tourn"]
[EventCountry "NED"]
[SourceTitle "playchess.com"]
[Source "ChessBase"]
[SourceQuality "1"]
[TimeControl "40/5400+30:1800+30"]

1. e4 c5 2. Nf3 d6 3. d4 cxd4 4. Nxd4 Nf6 5. Nc3 g6 6. Be3 Bg7 7. f3 Nc6 8. Qd2 O-O 9. O-O-O d5 10. Qe1 e5 11. Nxc6 bxc6 12. exd5 Nxd5 13. Bc4 Be6 14. Ne4 Qc7 15. Bc5 Rfd8 16. Qh4 h6 17. g4 Rd7 18. g5 Qd8 19. Rd2 Rb8 20. Rhd1 h5 21. Qf2 Rdb7 22. b3 Qa5 23. Kb2 Nf4 24. Bxe6 Nxe6 25. c3 Rb5 26. Bd6 Rc8 27. Bb4 Qa6 28. Rd6 Nf4 29. Rd8+ Rxd8 30. Rxd8+ Kh7 31. Be7 Rd5 32. Qc2 Nd3+ 33. Kb1 Ne1 34. Rxd5 cxd5 35. Nc5 Qf1 36. Qd1 Qf2 37. Nd7 e4 38. Nf6+ Bxf6 39. Bxf6 Nd3 40. c4 d4 0-1

[Event "Dutch Meesterklasse 2024-25"]
[Site "Netherlands"]
[Date "2024.09.22"]
[Round "1.4"]
[White "Wemmers, Xander"]
[Black "Gschnitzer, Adrian"]
[Result "0-1"]
[ECO "D30"]
[WhiteElo "2344"]
[BlackElo "2443"]
[Annotator "TA"]
[PlyCount "70"]
[EventDate "2024.09.21"]
[EventType "team-tourn"]
[EventCountry "NED"]
[SourceTitle "playchess.com"]
[Source "ChessBase"]
[SourceQuality "1"]
[TimeControl "40/5400+30:1800+30"]

1. d4 d5 2. c4 e6 3. Nf3 a6 4. Bg5 Be7 5. Bxe7 Qxe7 6. Nbd2 Nf6 7. g3 b6 8. Bg2 {[%emt 0:00:39] White has an edge.} Bb7 9. cxd5 exd5 10. Rc1 c5 11. Qb3 Nbd7 12. dxc5 Nxc5 13. Qa3 O-O 14. Nd4 Nfe4 15. Nxe4 dxe4 16. O-O Qe5 17. Qe3 Rfd8 18. Rfd1 a5 19. Bh3 g6 20. f4 Qf6 21. Bg2 Rd7 {[%emt 0:02:52] [#] White must now prevent ...Rad8.} 22. Bh3 Rd6 23. Nb3 (23. Nb5 $11 Rdd8 (23... Rxd1+ 24. Rxd1 Rd8 25. Rxd8+ Qxd8 26. Nc3 $17) 24. Nc3) 23... Rxd1+ $15 24. Rxd1 Qxb2 25. Nxc5 bxc5 26. Rc1 $2 {[%emt 0:11:48][%mdl 8192] Loses the game.} (26. Rd7 $17 {was called for.}) 26... Rd8 {[%emt 0:06:37] Threatens to win with ...Rd2.} 27. Rxc5 (27. Bf1 $142) 27... Rd1+ $19 ({But not} 27... Qxa2 28. Bg4) 28. Kf2 Rd3 ({Less strong is} 28... Qxa2 29. Re5 $17) 29. Rb5 Qxb5 30. exd3 exd3 {[%emt 0:00:12] KQB-KQB} 31. Qd4 $2 (31. Bg4) 31... Qh5 {[%emt 0:02:54] Black is clearly winning.} 32. Qe3 {[%emt 0:02:21] Against Qf3+} Qxh3 33. Qe8+ Kg7 {[%emt 0:00:03] [#] ( -> ...Qg2+)} 34. Qe5+ Kf8 35. Qd6+ Kg8 {[%emt 0:00:41] Weighted Error Value: White=0.86/Black=0.25 (precise) .  Loses game:     	White=1     	---        Mistake:       	White=3     	---        Inaccurate:     	White=3     	Black=3      OK:         	White=8     	Black=10     Best:        	White=2     	Black=2} 0-1

[Event "Dutch Meesterklasse 2024-25"]
[Site "Netherlands"]
[Date "2024.09.22"]
[Round "1.5"]
[White "Muckle, Julius"]
[Black "Breukelman, Jan"]
[Result "1-0"]
[ECO "E15"]
[WhiteElo "2368"]
[BlackElo "2410"]
[Annotator "RC"]
[PlyCount "107"]
[EventDate "2024.09.21"]
[EventType "team-tourn"]
[EventCountry "NED"]
[SourceTitle "playchess.com"]
[Source "ChessBase"]
[SourceQuality "1"]
[TimeControl "40/5400+30:1800+30"]

1. d4 Nf6 2. c4 e6 3. Nf3 b6 4. g3 Ba6 5. b3 Bb4+ 6. Bd2 Be7 7. Bg2 d5 8. cxd5 exd5 9. O-O O-O 10. Nc3 Bb7 11. Ne5 Nbd7 12. Rc1 c6 13. e4 Nxe5 14. dxe5 Nxe4 15. Nxe4 dxe4 16. Bxe4 Ba3 17. Rc3 Qe7 18. Qc2 Bb4 19. Bxh7+ Kh8 20. Qf5 Bxc3 21. Bxc3 Qe6 22. Qh5 Qh6 23. Qxh6 gxh6 24. Be4 Kg8 25. f4 Rfb8 26. f5 c5 27. Bc2 Rd8 28. Rf4 h5 29. e6 fxe6 30. fxe6 Rf8 31. Bg6 Bd5 32. Rh4 Rf3 33. Rxh5 Rxc3 34. Rxd5 Kg7 35. e7 Kxg6 36. Rd8 Re3 37. Rxa8 Rxe7 38. h4 Rd7 39. g4 Rd4 40. Rg8+ Kh7 41. Rg5 c4 42. bxc4 Rxc4 43. Kf2 Ra4 44. h5 Rxa2+ 45. Kg3 Rc2 46. Rd5 Rc7 47. g5 a5 48. Kg4 a4 49. h6 a3 50. Kh5 Rc5 51. Rd7+ Kh8 52. h7 a2 53. Kh6 a1=Q 54. Rd8# 1-0

[Event "Dutch Meesterklasse 2024-25"]
[Site "Netherlands"]
[Date "2024.09.22"]
[Round "1.5"]
[White "Wiersma, Eelke"]
[Black "Lammens, Tim"]
[Result "1/2-1/2"]
[ECO "B12"]
[WhiteElo "2293"]
[BlackElo "2238"]
[Annotator "RC"]
[PlyCount "44"]
[EventDate "2024.09.21"]
[EventType "team-tourn"]
[EventCountry "NED"]
[SourceTitle "playchess.com"]
[Source "ChessBase"]
[SourceQuality "1"]
[TimeControl "40/5400+30:1800+30"]

1. e4 c6 2. d4 d5 3. e5 Bf5 4. Be3 e6 5. Nd2 Nd7 6. Ngf3 Rc8 7. Be2 Bg6 8. O-O Nh6 9. Bxh6 gxh6 10. Nb3 Be7 11. Qd2 h5 12. Ne1 c5 13. c3 O-O 14. Nxc5 Nxc5 15. dxc5 Bxc5 16. Qh6 Qb6 17. Nd3 Be7 18. Rad1 h4 19. Nf4 Qc7 20. Nd3 Qb6 21. Nf4 Qc7 22. Nd3 Qb6 1/2-1/2

[Event "Dutch Meesterklasse 2024-25"]
[Site "Netherlands"]
[Date "2024.09.22"]
[Round "1.6"]
[White "Beerdsen, Thomas"]
[Black "Jens, Jelmer"]
[Result "1-0"]
[ECO "B67"]
[WhiteElo "2509"]
[BlackElo "2355"]
[Annotator "TA"]
[PlyCount "103"]
[EventDate "2024.09.21"]
[EventType "team-tourn"]
[EventCountry "NED"]
[SourceTitle "playchess.com"]
[Source "ChessBase"]
[SourceQuality "1"]
[TimeControl "40/5400+30:1800+30"]

1. e4 c5 2. Nf3 d6 3. d4 cxd4 4. Nxd4 Nf6 5. Nc3 Nc6 6. Bg5 e6 7. Qd2 a6 8. O-O-O Bd7 9. Kb1 Nxd4 {[%emt 0:04:01] is the new trend. B67: Sicilian: Richter-Rauzer: 7...a6 8 0-0-0 Bd7, lines without 9 f4 Be7.} 10. Qxd4 Be7 11. f3 b5 12. h4 Qc7 13. g4 O-O 14. Qd2 b4 15. Ne2 Rfc8 16. Nd4 a5 17. Be3 a4 18. Bd3 e5 19. Nf5 Bxf5 20. gxf5 d5 21. Rdg1 $146 ({Predecessor:} 21. Bg5 dxe4 22. Bxe4 Nxe4 23. fxe4 b3 24. cxb3 axb3 25. Rc1 Qb7 26. Rxc8+ Rxc8 27. Qd3 Rd8 28. Qe2 Bxg5 29. hxg5 Rd2 {0-1 Madina Yadarola,M (2107)-Mingarro Carceller,S (2232) Benidorm Bali op-A 2023 (5)}) 21... Kh8 22. h5 b3 23. cxb3 axb3 24. a3 Qb7 25. Qg2 Rg8 26. h6 g6 27. Qh2 dxe4 28. Bc4 Rgc8 (28... exf3 29. Qxe5 Qe4+ 30. Qxe4 Nxe4 31. Bxf7 $14) 29. Rc1 $1 Rxc4 (29... exf3 $6 30. Qxe5 f2 31. Bd3 (31. Bxf7 Qe4+ 32. Qxe4 Nxe4 $11) (31. Bxf2 $2 Rxc4 32. Bh4 Qe4+ 33. Qxe4 Rxe4 $19) 31... Rxc1+ 32. Rxc1 $16) 30. Rxc4 Qd5 31. Rhc1 $1 (31. Rc7 $2 Qd3+ 32. Kc1 Qxe3+ $19) 31... Qd3+ (31... gxf5 32. Rc8+ Ne8 33. Qd2 $18 (33. Rxa8 Qxa8 34. Qxe5+ Bf6 $18)) 32. Ka1 Qxe3 33. Qxe5 (33. Rc8+ Rxc8 34. Rxc8+ Ng8 35. Qxe5+ f6 36. Qxe4 (36. Qxe7 $2 Qg1+) 36... Qxh6 $11) 33... Bd8 $2 (33... Re8 $11 34. Rc8 Kg8 35. fxg6 fxg6 (35... hxg6 $2 36. Rxe8+ Kh7 37. Rec8 $18)) 34. Rd1 $2 (34. Rc8 $1 $18 Kg8 35. Qc3 Qxc3 (35... Qxh6 $2 36. Rxa8 Qf8 37. Rd1 $18) 36. R1xc3 Rxc8 37. Rxc8) 34... Kg8 $16 35. Rcd4 $1 Bb6 36. Rd7 Rc8 {[%emt 0:00:43] [#]} (36... Nxd7 37. Qg7#) 37. Kb1 (37. Rb1 $1 $18 Qg5 (37... Nxd7 38. Qg7#) 38. Rxf7 Kxf7 39. Qe6+ (39. fxe4 $2 gxf5 40. Qd6 Bf2 $19) 39... Kf8 40. Qxc8+ Ne8 41. Qc3 (41. fxe4 Qxh6 42. Qe6 Bd4 $18)) 37... Qg5 $2 (37... Nxd7 38. Qg7#) (37... Qf2 $16 {might work better.} 38. R7d2 (38. Qxf6 $2 Qc2+ 39. Ka1 Qc1+ 40. Rxc1 Rxc1#) 38... Qh4 (38... Qxf3 39. Qxf6)) 38. Rxf7 $18 (38. R7d6 Qg2 39. R6d2 (39. Rxb6 $2 Qc2+ 40. Ka1 Qxd1#) 39... Qg5 (39... Qxf3 40. Qxf6) 40. fxe4 (40. Rd6 Qg2 $11) 40... Qh4 $11) 38... Kxf7 (38... Rd8 $142 39. Rxd8+ (39. Qxf6 $2 Rxd1#) 39... Bxd8 40. Rg7+ Kh8) 39. Qe6+ $18 (39. fxe4 gxf5 (39... Qxh6 40. Qe6+ Kg7 41. Qe7+ Kg8 42. Qe6+ Kg7 43. Qe7+ Kg8 44. Qe6+ Kg7 $11) 40. exf5 Qe3 $19 (40... Qxh6 41. Qe6+ Kg7 42. Qxc8 $14)) 39... Kf8 40. Qd6+ Kf7 41. Qe6+ (41. Qxb6 $2 Qxf5 42. Qxb3+ Kf8 43. fxe4 Qxe4+ (43... Nxe4 $2 44. Ka2 $19) 44. Ka1 Qf4 $19) 41... Kf8 42. Qxc8+ Ne8 43. fxe4 $2 (43. Qc3 $18 {Qh8+ is the strong threat.} gxf5 44. Qb4+ (44. Qxb3 Qxh6 45. fxe4 f4 $18) 44... Qe7 45. Qxb6 exf3 46. Ka1 (46. Qxb3 Qe4+ 47. Ka2 Ke7 $18)) 43... Qg4 $1 $11 44. Rf1 $2 (44. Re1 Bf2 45. Rf1 Qxe4+ 46. Ka1 gxf5 $15 (46... Qxf5 $2 47. Qxf5+ gxf5 48. Rxf2 $18)) (44. Qd7 $11 Qxe4+ 45. Ka1 gxf5 46. Rd3 (46. Qxh7 $2 Bd4 $19)) 44... Qxe4+ $2 (44... Qe2 $1 $19 {[%cal Re2d3] ( -> ...Qd3+)} 45. Qc1 g5 (45... Qxe4+ 46. Ka1 $11)) 45. Ka1 $14 Qe2 (45... g5 $1 $14) 46. Qc1 $1 $16 g5 {[%emt 0:00:00] [#]} 47. Re1 $1 Qf2 48. Qc3 Bd4 $2 (48... Qd4 $16) 49. Qb4+ $18 Bc5 {[%emt 0:00:00] [#]} 50. Qe4 $1 (50. Qc3 Qd4 (50... Bd4 $2 51. Qb4+ Bc5 52. Qe4 $18) 51. Qxb3 Qd6 $11) 50... Nf6 51. Qa8+ Kf7 52. Qb7+ 1-0